 Dungeon Crawl Stone Soup version 0.22.1-5-g62c59d9 (webtiles) character file.

42603 Tr0llz0r the Cleaver (level 13, -4/103 HPs)
             Began as a Demonspawn Gladiator on Jan 11, 2019.
             Was the Champion of Okawaru.
             Killed by drain life
             ... invoked by a soul eater
              (15 damage)
             ... on level 1 of the Depths on Jan 12, 2019.
             The game lasted 01:17:37 (17466 turns).

Tr0llz0r the Cleaver (Demonspawn Gladiator)        Turns: 17466, Time: 01:17:38

Health: -4/103     AC: 32    Str: 18    XL:     13   Next: 86%
Magic:  12/13      EV:  3    Int: 17    God:    Okawaru [******]
Gold:   366        SH: 13    Dex: 18    Spells: 12/12 levels left

rFire    + . .     SeeInvis .   a - +2 war axe
rCold    + . .     Gourm    .   r - +1 shield
rNeg     . . .     Faith    .   k - +3 crystal plate armour
rPois    +         Spirit   .   (helmet unavailable)
rElec    .         Reflect  .   v - scarf {cloud immunity}
rCorr    .         Harm     .   U - +1 pair of gloves of Tr0llz0r's Action {rPois MR+ Regen+}
MR       +....                  V - +0 pair of boots {Fly}
Stlth    ..........             (no amulet)
HPRegen  1.07/turn              L - +2 ring of protection
MPRegen  0.13/turn              K - ring of Abstinence {rF+ Int+3 Dex+4}

@: about to teleport, flying
A: horns 3, icy blue scales 3, clever 1, demonic guardian 2, regeneration 1,
wild magic 1
a: Heroism, Finesse, Renounce Religion, Stop Flying


You were on level 1 of the Depths.
You worshipped Okawaru.
Okawaru was exalted by your worship.
You were not hungry.

You visited 3 branches of the dungeon, and saw 17 of its levels.

You collected 1411 gold pieces.
You spent 1045 gold pieces at shops.

Inventory:

Hand Weapons
 a - a +2 war axe (weapon)
 h - the +8 hand axe of Hubris {flame, rElec, unknown}
   (Okawaru gifted it to you on level 13 of the Dungeon)

   It has been specially enchanted to burn those struck by it, causing extra
   injury to most foes and up to half again as much damage against particularly
   susceptible opponents.
   Big, fiery blades are also staple armaments of hydra-hunters.
   It insulates you from electricity.
Missiles
 d - 3 throwing nets (quivered)
 g - 364 stones
 q - 20 tomahawks
 s - 3 poisoned tomahawks
 I - 4 poisoned javelins
Armour
 e - a +1 cloak of invisibility
 k - a +3 crystal plate armour (worn)
 r - a +1 shield (worn)
 v - a scarf of cloud immunity (worn)
 U - the +1 pair of gloves of Tr0llz0r's Action (worn) {rPois MR+ Regen+}
   (Okawaru gifted it to you on level 13 of the Dungeon)

   It protects you from poison.
   It affects your resistance to hostile enchantments.
   It increases your rate of regeneration.
 V - a +0 pair of boots of flying (worn)
Jewellery
 i - an uncursed ring of poison resistance
 l - a +2 ring of strength
 m - a +2 ring of intelligence
 x - an uncursed ring of protection from cold
 F - a +4 ring of evasion
 K - the ring of Abstinence (right hand) {rF+ Int+3 Dex+4}
   (You found it on level 9 of the Dungeon)

   [ring of protection from fire]

   It affects your intelligence (+3).
   It affects your dexterity (+4).
   It protects you from fire.
 L - a +2 ring of protection (left hand)
 N - an uncursed ring of magical power
 W - an uncursed ring of resist corrosion
Wands
 o - a wand of acid (9)
 p - a wand of paralysis (27)
 u - a wand of random effects (26)
 z - a wand of flame (51)
 B - a wand of polymorph (6)
 E - a wand of enslavement (15)
 O - a wand of iceblast (29)
 R - a wand of disintegration (9)
Scrolls
 t - 6 scrolls of remove curse
 A - 3 scrolls of magic mapping
 G - a scroll of fear
 J - 4 scrolls of amnesia
 Q - a scroll of fog
 S - 2 scrolls of identify
Potions
 n - 5 potions of brilliance
 w - a potion of curing
 C - 2 potions of agility
 D - a potion of invisibility
 H - 2 potions of mutation
 M - a potion of magic
 T - a potion of haste
 Y - a potion of cancellation
Miscellaneous
 b - a lamp of fire
 y - a box of beasts
 P - a crystal ball of energy
Comestibles
 f - 18 rations


   Skills:
 + Level 10.1 Fighting
 + Level 14.3 Axes
 + Level 2.0 Throwing
 + Level 8.8 Armour
 + Level 4.6 Dodging
 + Level 3.5 Stealth
 + Level 10.2 Shields
 + Level 0.8 Evocations


You had 12 spell levels left.
You didn't know any spells.
Your spell library contained the following spells:

 Spells                   Type           Power        Failure   Level  Hunger
 Animate Skeleton         Necr           N/A          100%        1    ##.....
 Apportation              Tloc           #.....       100%        1    ##.....
 Confusing Touch          Hex            #.....       100%        1    ##.....
 Corona                   Hex            #......      100%        1    ##.....
 Summon Small Mammal      Summ           #...         100%        1    ##.....
 Corpse Rot               Necr           N/A          100%        2    ###....
 Ensorcelled Hibernation  Hex/Ice        #.....       100%        2    ###....
 Confuse                  Hex            #.......     100%        3    ####...
 Dazzling Spray           Conj/Hex       #.....       100%        3    ####...
 Ignite Poison            Fire/Tmut/Pois #.......     100%        3    ####...
 Stone Arrow              Conj/Erth      #.....       100%        3    ####...
 Tukima's Dance           Hex            #.......     100%        3    ####...
 Leda's Liquefaction      Hex/Erth       #.........   100%        4    #####..
 Blade Hands              Tmut           #.........   100%        5    ######.
 Summon Forest            Summ/Tloc      #.........   100%        5    ######.
 Conjure Ball Lightning   Conj/Air       #.........   100%        6    #######
 Hydra Form               Tmut           #.........   100%        6    #######
 Summon Hydra             Summ           #.........   100%        7    #######


Dungeon Overview and Level Annotations

Branches:
Dungeon (15/15)            Temple (1/1) D:4            Lair (0/6) D:10
    Orc (0/2) D:10         Vaults (0/5) D:13         Depths (1/5) D:15

Altars:
Ashenzari
Dithmenos
Elyvilon
Fedhas
Gozag
Hepliaklqana
Kikubaaqudgha
Makhleb
Okawaru
Sif Muna
Trog
Uskayaw
Vehumet
Xom
Yredelemnul
Zin
The Shining One

Shops:
D:9 :   D:13 *

Portals:
Hell: Depths:1
Abyss: Depths:1


Innate Abilities, Weirdness & Mutations

You have a pair of large horns on your head.
You are completely covered in icy blue scales. (AC +4, rC+)
A demonic guardian rushes to your aid.
Your mind is acute. (Int +2)
Your natural rate of healing is unusually fast.
Your spells are a little harder to cast, but a little more powerful.


Message History

* * * LOW HITPOINT WARNING * * *
A glowing orange brain comes into view.
The ice dragon completely misses you.
The ice dragon claws you but does no damage.
The ice dragon closely misses you.
The great orb of eyes bites you but does no damage.
The tengu conjurer hits you but does no damage.
The tengu conjurer barely misses you. You block the tengu conjurer's attack.
The salamander hits you but does no damage.
You block the crimson imp's attack.
Your soul eater hits the hellwing!
You feel better.
You feel like a meek peon again. The hellwing hits you.
* * * LOW HITPOINT WARNING * * *
The hellwing hits you but does no damage.
The red devil hits you but does no damage. x2
The hellwing hits your soul eater but does no damage.
The hellwing hits your soul eater.
The soul eater draws from the surrounding life force!
You die...

###..##........#
###.....#........#
##.....≈..........#
......§≈≈.........#
...O..≈≈≈≈........#
.......≈§§........#
.§≈§...≈≈§........###
≈§≈≈...534....∩....<#
§≈§≈...Q@4##........+
§≈≈≈§..GD###........#
§≈h≈≈/44.N##........#
§hh§≈≈.3...+........#
..h≈≈≈.....#........#
.∩h≈≈≈≈....#........#
...≈≈≈≈...5.........#
§..§≈≈≈.G....
§≈≈§≈≈≈≈≈§.≈§.


You could see an ice dragon, a great orb of eyes, a salamander, a soul eater, a
glowing orange brain, an ogre mage, 2 hellwings, 2 red devils, a tengu conjurer,
5 hell hounds, 2 crimson imps and a friendly soul eater.

Vanquished Creatures
  The ghost of buskinjo the Brawler, a journeyman DrTm of Sif Muna (D:14)
  The ghost of Gearfox the Severer, a journeyman HOFi of Okawaru (D:14)
  The ghost of RoboWizard the Bludgeoner, a journeyman MiFi of Okawaru (D:14)
  A rakshasa (D:15)
  3 vault guards (D:13)
  An ice dragon (D:15)
  9 two-headed ogres
  A centaur warrior (D:15)
  2 tengu warriors (D:15)
  An ogre mage (D:13)
  3 skeletal warriors (D:15)
  2 unseen horrors
  2 cyclopes (D:13)
  8 ugly things
  A gargoyle (D:12)
  An efreet (D:15)
  3 trolls
  A red devil (Depths:1)
  4 hippogriffs
  4 wraiths
  2 vampires
  A wyvern (D:8)
  5 yaks
  2 water elementals (D:15)
  5 vampire mosquitoes
  Edmund (D:4)
  2 soldier ants (D:11)
  3 water moccasins
  An acid dragon (D:12)
  2 black bears
  2 orc warriors
  5 sky beasts
  A phantom (D:11)
  A slave (D:4)
  2 hornet zombies
  An eye of draining (D:13)
  4 ice beasts
  8 ogres
  7 centaurs
  2 wyvern zombies
  6 big kobolds
  10 bullfrogs
  A gnoll sergeant (D:7)
  2 scorpions
  12 killer bees
  3 wights (D:15)
  3 howler monkeys (D:10)
  2 lava snakes (D:15)
  10 crimson imps
  4 centaur zombies
  2 bullfrog skeletons
  3 jellies
  Crazy Yiuf (D:4)
  2 hounds
  7 centaur skeletons
  4 orc priests
  4 human zombies (D:15)
  13 orc wizards
  5 iguanas
  A human skeleton (D:15)
  Ijyb (D:4)
  13 worker ants
  A statue (D:8)
  A killer bee zombie (D:8)
  A hound zombie (D:9)
  A mummy (D:15)
  Robin (D:2)
  13 gnolls
  9 adders
  3 shadow imps
  2 oozes (D:1)
  An adder skeleton (D:5)
  3 worms
  4 dart slugs
  7 leopard geckos
  63 orcs
  2 ball pythons (D:2)
  5 giant cockroaches
  6 hobgoblins
  13 jackals
  3 quokkas
  4 bats
  5 frilled lizards
  13 goblins
  35 kobolds
  3 leopard gecko skeletons
  An orc skeleton (D:15)
  A quokka skeleton (D:6)
  A quokka zombie (D:8)
  5 rats
423 creatures vanquished.

Vanquished Creatures (collateral kills)
  The ghost of poxu the Geomancer, a journeyman FoEE of Cheibriados (D:14)
  A fire dragon (D:15)
  5 vault guards (D:13)
  A hydra (D:15)
  An ogre mage (D:15)
  6 two-headed ogres
  2 skeletal warriors (D:15)
  Pikel (D:4)
  2 ugly things (D:15)
  A centaur zombie (D:15)
  A centaur skeleton (D:15)
  A tengu conjurer (D:15)
  Grinder (D:6)
  A hippogriff (D:14)
  A slime creature (Depths:1)
  7 yaks
  2 hungry ghosts
  A basilisk (shapeshifter) (D:13)
  A warg (D:10)
  A sky beast (D:11)
  2 orc warriors
  2 slaves (D:4)
  A necrophage (D:13)
  3 centaurs
  2 ogres
  2 bullfrogs
  A scorpion (D:9)
  6 killer bees (D:10)
  A crimson imp (D:11)
  A hound (D:7)
  4 orc priests
  2 orc wizards
  2 worker ants
  A gnoll (D:5)
  2 leopard geckos (D:5)
  5 orcs
  A jackal zombie (D:5)
76 creatures vanquished.

Vanquished Creatures (others)
  2 withered plants (D:14)
2 creatures vanquished.

Grand Total: 501 creatures vanquished

Notes
Turn   | Place    | Note
-------+----------+-------------------------------------------
     0 | D:1      | Tr0llz0r the Demonspawn Gladiator began the quest for the
                  | Orb.
     0 | D:1      | Reached XP level 1. HP: 16/16 MP: 1/1
    84 | D:1      | Reached skill level 3 in Axes
    89 | D:1      | Gained mutation: You have a pair of small horns on your
                  | head. [demonic ancestry]
    89 | D:1      | Reached XP level 2. HP: 3/22 MP: 2/2
   425 | D:1      | Found a glowing golden altar of the Shining One.
   748 | D:1      | Reached XP level 3. HP: 24/27 MP: 3/3
   936 | D:1      | Gained mutation: Your flesh is heat resistant. (rF+)
                  | [potion of mutation]
   936 | D:1      | Gained mutation: Your flesh is very heat resistant. (rF++)
                  | [potion of mutation]
   936 | D:1      | Gained mutation: Your system is resistant to poisons.
                  | (rPois) [potion of mutation]
  1108 | D:2      | Noticed Robin
  1125 | D:2      | Killed Robin
  1143 | D:2      | Gained mutation: You have a pair of horns on your head.
                  | [demonic ancestry]
  1143 | D:2      | Reached XP level 4. HP: 10/33 MP: 4/4
  1383 | D:2      | Found a bloodstained altar of Trog.
  1385 | D:2      | Reached skill level 1 in Armour
  2094 | D:2      | Reached skill level 4 in Axes
  2099 | D:2      | Gained mutation: You are partially covered in icy blue
                  | scales. (AC +2) [demonic ancestry]
  2099 | D:2      | Reached XP level 5. HP: 26/38 MP: 5/5
  2108 | D:2      | Paralysed by an orc for 7 turns
  2409 | D:2      | Found a shimmering altar of Xom.
  3211 | D:3      | Found a hazy altar of Hepliaklqana.
  3708 | D:4      | Reached skill level 5 in Axes
  3737 | D:4      | Reached XP level 6. HP: 37/46 MP: 6/6
  4245 | D:4      | Found a staircase to the Ecumenical Temple.
  4252 | Temple   | Entered the Ecumenical Temple
  4260 | Temple   | Became a worshipper of Warmaster Okawaru
  4366 | D:4      | Gained mutation: A weak demonic guardian rushes to your
                  | aid. [demonic ancestry]
  4366 | D:4      | Reached XP level 7. HP: 47/52 MP: 7/7
  4424 | D:4      | Found a runed door.
  4428 | D:4      | Noticed Crazy Yiuf
  4437 | D:4      | Killed Crazy Yiuf
  4437 | D:4      | Reached skill level 6 in Axes
  4505 | D:4      | Noticed Pikel
  4529 | D:4      | Killed Pikel
  4529 | D:4      | Reached skill level 1 in Shields
  4699 | D:4      | Noticed Edmund
  4713 | D:4      | Killed Edmund
  4713 | D:4      | Reached skill level 7 in Axes
  4713 | D:4      | Gained mutation: You are mostly covered in icy blue scales.
                  | (AC +3) [demonic ancestry]
  4713 | D:4      | Reached XP level 8. HP: 35/60 MP: 8/8
  4890 | D:4      | Noticed Ijyb
  4899 | D:4      | Killed Ijyb
  5449 | D:5      | Entered Level 5 of the Dungeon
  5456 | D:5      | Reached * piety under Okawaru
  5604 | D:5      | Noticed a dagger
  5604 | D:5      | Noticed a dagger
  5617 | D:5      | Found a hide-covered altar of Uskayaw.
  6644 | D:6      | Reached skill level 8 in Axes
  6676 | D:6      | Found a burning altar of Makhleb.
  6846 | D:6      | Reached ** piety under Okawaru
  6935 | D:6      | Found a white marble altar of Elyvilon.
  6935 | D:6      | Found a blossoming altar of Fedhas.
  6995 | D:6      | Found an iron altar of Okawaru.
  7058 | D:6      | Noticed Grinder
  7072 | D:6      | Paralysed by Grinder for 3 turns
  7076 | D:6      | Killed Grinder
  7076 | D:6      | Gained mutation: A demonic guardian rushes to your aid.
                  | [demonic ancestry]
  7076 | D:6      | Reached XP level 9. HP: 54/66 MP: 9/9
  7091 | D:6      | Lost mutation: Your system is resistant to poisons. (rPois)
                  | [potion of mutation]
  7091 | D:6      | Lost mutation: Your flesh is very heat resistant. (rF++)
                  | [potion of mutation]
  7091 | D:6      | Lost mutation: Your flesh is heat resistant. (rF+) [potion
                  | of mutation]
  7091 | D:6      | Gained mutation: Armour fits poorly on your strangely
                  | shaped body. [potion of mutation]
  7091 | D:6      | Gained mutation: Your body sometimes deteriorates upon
                  | taking damage. [potion of mutation]
  7091 | D:6      | Gained mutation: Your natural rate of healing is unusually
                  | fast. [potion of mutation]
  7123 | D:6      | Lost mutation: Your body sometimes deteriorates upon taking
                  | damage. [potion of mutation]
  7123 | D:6      | Lost mutation: Armour fits poorly on your strangely shaped
                  | body. [potion of mutation]
  7123 | D:6      | Gained mutation: Your mind is acute. (Int +2) [potion of
                  | mutation]
  7123 | D:6      | Gained mutation: Your spells are a little harder to cast,
                  | but a little more powerful. [potion of mutation]
  7270 | D:7      | Found a glowing silver altar of Zin.
  7271 | D:7      | Found Zin's Purification Station.
  7285 | D:7      | Bought 2 potions of curing for 180 gold pieces
  7451 | D:7      | Reached skill level 5 in Fighting
  7583 | D:7      | Found an opulent altar of Gozag.
  8059 | D:8      | Reached *** piety under Okawaru
  8114 | D:8      | Reached skill level 9 in Axes
  8217 | D:8      | Found a deep blue altar of Sif Muna.
  8235 | D:8      | Reached skill level 5 in Shields
  8433 | D:8      | Reached skill level 5 in Armour
  8698 | D:8      | Received a gift from Okawaru
  8802 | D:8      | Found a radiant altar of Vehumet.
  8972 | D:9      | Gained mutation: You are completely covered in icy blue
                  | scales. (AC +4, rC+) [demonic ancestry]
  8972 | D:9      | Reached XP level 10. HP: 57/76 MP: 10/10
  9014 | D:9      | Found Egroserph's Book Shop.
  9018 | D:9      | Bought a book of Cantrips for 340 gold pieces
  9039 | D:9      | Reached **** piety under Okawaru
  9651 | D:9      | Got a slimy amber ring
  9654 | D:9      | Identified the ring of Abstinence {rF+ Int+3 Dex+4} (You
                  | found it on level 9 of the Dungeon)
  9827 | D:9      | Found a shadowy altar of Dithmenos.
 10014 | D:10     | Entered Level 10 of the Dungeon
 10190 | D:10     | Reached skill level 10 in Axes
 10586 | D:10     | Found a staircase to the Orcish Mines.
 10637 | D:10     | Noticed a two-headed ogre
 10644 | D:10     | Killed a two-headed ogre
 10644 | D:10     | Reached ***** piety under Okawaru
 10644 | D:10     | Reached skill level 1 in Stealth
 10652 | D:10     | Found a staircase to the Lair.
 11061 | D:11     | Received a gift from Okawaru
 11155 | D:11     | Noticed a two-headed ogre
 11161 | D:11     | Reached XP level 11. HP: 79/83 MP: 11/11
 11165 | D:11     | Killed a two-headed ogre
 11180 | D:11     | Noticed a two-headed ogre
 11183 | D:11     | Killed a two-headed ogre
 11327 | D:11     | Found a shadowy altar of Dithmenos.
 11355 | D:11     | Reached skill level 11 in Axes
 11408 | D:11     | Noticed a purple ugly thing
 11430 | D:11     | Killed a purple ugly thing
 12511 | D:12     | Noticed a two-headed ogre
 12518 | D:12     | Killed a two-headed ogre
 12660 | D:12     | Found a shadowy altar of Dithmenos.
 13072 | D:13     | Noticed a vault guard
 13078 | D:13     | Noticed a vault guard
 13080 | D:13     | Noticed a vault guard
 13084 | D:13     | Killed a vault guard
 13086 | D:13     | Noticed a vault guard
 13087 | D:13     | Noticed a vault guard
 13095 | D:13     | Killed a vault guard
 13095 | D:13     | Received a gift from Okawaru
 13097 | D:13     | Noticed a vault guard
 13098 | D:13     | Found a gate to the Vaults.
 13101 | D:13     | Noticed a vault guard
 13108 | D:13     | Killed a vault guard
 13109 | D:13     | Killed a vault guard
 13109 | D:13     | Reached skill level 12 in Axes
 13111 | D:13     | Noticed a vault guard
 13112 | D:13     | Killed a vault guard
 13113 | D:13     | Killed a vault guard
 13121 | D:13     | Killed a vault guard
 13121 | D:13     | Reached XP level 12. HP: 33/92 MP: 12/12
 13125 | D:13     | Killed a vault guard
 13134 | D:13     | Got a pair of jewelled gloves {god gift}
 13145 | D:13     | Identified the +1 pair of gloves of Tr0llz0r's Action
                  | {rPois MR+ Regen+} (Okawaru gifted it to you on level 13 of
                  | the Dungeon)
 13417 | D:13     | Noticed a two-headed ogre
 13419 | D:13     | Noticed a two-headed ogre
 13420 | D:13     | Noticed an ogre mage
 13421 | D:13     | Noticed a two-headed ogre
 13425 | D:13     | Noticed a two-headed ogre
 13426 | D:13     | Noticed a two-headed ogre
 13435 | D:13     | Killed a two-headed ogre
 13442 | D:13     | Killed a two-headed ogre
 13442 | D:13     | Killed a two-headed ogre
 13442 | D:13     | Killed an ogre mage
 13443 | D:13     | Killed a two-headed ogre
 13443 | D:13     | Reached ****** piety under Okawaru
 13447 | D:13     | Killed a two-headed ogre
 13447 | D:13     | Received a gift from Okawaru
 13462 | D:13     | Got a smoking hand axe {god gift}
 13598 | D:13     | Found Xiciucum's General Store.
 13606 | D:13     | Bought a ration for 85 gold pieces
 13981 | D:14     | Found a runed gate.
 13981 | D:14     | Found a runed gate.
 13981 | D:14     | Found a runed gate.
 13981 | D:14     | Noticed Gearfox's ghost (journeyman HOFi)
 13981 | D:14     | Noticed buskinjo's ghost (journeyman DrTm)
 13982 | D:14     | Noticed poxu's ghost (journeyman FoEE)
 13983 | D:14     | Noticed RoboWizard's ghost (journeyman MiFi)
 14138 | D:14     | Identified the Papyrus of Lightness and Transmutation
 14300 | D:14     | Found a bloodstained altar of Trog.
 14339 | D:14     | Found a shattered altar of Ashenzari.
 14382 | D:14     | Reached skill level 13 in Axes
 14539 | D:14     | Found Geschisu's Food Boutique.
 14571 | D:14     | Bought a ration for 55 gold pieces
 14571 | D:14     | Bought a ration for 55 gold pieces
 14571 | D:14     | Bought a ration for 55 gold pieces
 14571 | D:14     | Bought a ration for 55 gold pieces
 14571 | D:14     | Bought a ration for 55 gold pieces
 14571 | D:14     | Bought a ration for 55 gold pieces
 14571 | D:14     | Bought a ration for 55 gold pieces
 14571 | D:14     | Bought a ration for 55 gold pieces
 14955 | D:14     | Killed buskinjo's ghost
 14955 | D:14     | Received a gift from Okawaru
 15012 | D:14     | Killed RoboWizard's ghost
 15093 | D:14     | Killed poxu's ghost
 15093 | D:14     | Received a gift from Okawaru
 15093 | D:14     | Gained mutation: You have a pair of large horns on your
                  | head. [demonic ancestry]
 15093 | D:14     | Reached XP level 13. HP: 101/101 MP: 13/13
 15142 | D:14     | Killed Gearfox's ghost
 15214 | D:15     | Entered Level 15 of the Dungeon
 15815 | D:15     | Received a gift from Okawaru
 15850 | D:15     | Reached skill level 14 in Axes
 16037 | D:15     | Noticed a fire dragon
 16052 | D:15     | HP: 2/103 [fire dragon (5)]
 16125 | D:15     | Reached skill level 10 in Shields
 16128 | D:15     | Killed a fire dragon
 16128 | D:15     | Reached skill level 10 in Fighting
 16305 | D:15     | Found a staircase to the Depths.
 16408 | D:15     | Found a basalt altar of Yredelemnul.
 16458 | D:15     | Received a gift from Okawaru
 17430 | Depths:1 | Entered Level 1 of the Depths
 17430 | Depths:1 | Found a one-way gate to the infinite horrors of the Abyss.
 17447 | Depths:1 | Found a gateway to Hell.
 17465 | Depths:1 | HP: 5/103 [soul eater/drain life (6)]
 17466 | Depths:1 | Killed from afar by a soul eater

Skill      XL: |  1  2  3  4  5  6  7  8  9 10 11 12 13 |
---------------+----------------------------------------+-----
Axes           | 3 4 5 7 8 9 10 12 13 14 | 14.3
Dodging        | 3 4 |  4.6
Throwing       | 2 |  2.0
Armour         | 1 2 4 5 6 7 8 |  8.8
Fighting       | 3 4 6 8 9 10 | 10.1
Shields        | 1 3 5 7 8 9 10 | 10.2
Stealth        | 1 2 3 |  3.5
Evocations     | |  0.8

Action                   |  1- 3 |  4- 6 |  7- 9 | 10-12 | 13-15 || total
-------------------------+-------+-------+-------+-------+-------++-------
Melee: War axe           |    63 |   211 |   483 |   846 |   382 ||  1985
       Headbutt          |     8 |    41 |    85 |   195 |   102 ||   431
Throw: Throwing net      |     2 |       |     2 |       |     2 ||     6
       Tomahawk          |       |       |     1 |       |       ||     1
Invok: Heroism           |       |       |       |       |     1 ||     1
Evoke: Wand              |       |       |       |     1 |     6 ||     7
       Lamp of fire      |       |       |       |     1 |       ||     1
  Use: Scroll            |     3 |     4 |     7 |     9 |     4 ||    27
       Potion            |     4 |     5 |     2 |    12 |     3 ||    26
 Stab: Distracted        |       |       |     1 |     7 |     3 ||    11
       Invisible         |       |       |       |     4 |       ||     4
       Paralysed         |       |       |       |     4 |       ||     4
  Eat: Ration            |     1 |     2 |     5 |     6 |     3 ||    17
       Chunk             |       |     3 |       |     3 |       ||     6
Armor: Leather armour    |    15 |       |       |       |       ||    15
       Crystal plate arm |    41 |   265 |   460 |   624 |   251 ||  1641
       Skin              |       |       |       |    59 |       ||    59
Dodge: Dodged            |    56 |    10 |    10 |    43 |    47 ||   166
Block: Shield            |       |    30 |   298 |   509 |   232 ||  1069
